 Dungeon Crawl Stone Soup version 0.29.1-2-gbd0b4ee654 (webtiles) character file.

Game seed: 17959845233987711812

20 firemarshallily the Sneak (level 2, -3/19 HPs)
             Began as an Octopode Brigand on Oct 27, 2022.
             Slain by a gnoll
             ... wielding a +0 spear
              (9 damage)
             ... on level 1 of the Dungeon.
             The game lasted 00:02:22 (626 turns).

firemarshallily the Sneak (Octopode Brigand)         Turns: 626, Time: 00:02:23

Health: -3/19      AC:  1    Str: 10    XL:     2   Next: 79%
Magic:  2/2        EV: 13    Int: 13    God:
Gold:   56         SH:  0    Dex: 13    Spells: 1/1 levels left

rFire   . . .      SeeInvis .   a - +2 dagger
rCold   . . .      Faith    .   (no shield)
rNeg    . . .      Spirit   .   (helmet restricted)
rPois   .          Reflect  .   (no amulet)
rElec   .          Harm     .   (no ring)
rCorr   .          Rampage  .   (no ring)
Will    .....                   (no ring)
Stlth   ++++......              (no ring)
HPRegen 0.06/turn               (no ring)
MPRegen 0.08/turn               (no ring)
                                (no ring)
                                (no ring)

@: no status effects
A: almost no armour, amphibious, 8 rings, camouflage 1, gelatinous body 1,
(nimble swimmer 1), tentacles
a: no special abilities


You were on level 1 of the Dungeon.
You visited 1 branch of the dungeon, and saw 1 of its levels.

You collected 56 gold pieces.

Inventory:

Hand Weapons
 a - a +2 dagger (weapon)
Missiles
 b - 9 poisoned darts (quivered)
 c - 3 curare-tipped darts
 g - 2 stones
 i - a throwing net
Scrolls
 d - a scroll of magic mapping {unknown}
 f - 3 scrolls of fear {unknown}
 h - a scroll of identify {unknown}
Potions
 e - a potion of might {unknown}
 j - a potion of curing {unknown}
 k - 3 potions of cancellation {unknown}


   Skills:
 + Level 2.2 Fighting
 * Level 2.4 Short Blades
 - Level 2.0 Throwing
 + Level 1.3 Dodging
 * Level 5.7 Stealth


You had one spell level left.
You didn't know any spells.
Your spell library contained the following spells:

 Spells                   Type           Power      Damage    Failure   Level
 Ensorcelled Hibernation  Hex/Ice        0%         N/A       43%         2
 Passwall                 Tmut/Erth      0%         N/A       43%         2
 Gell's Gravitas          Tloc           0%         N/A       67%         3
 Ozocubu's Armour         Ice            0%         N/A       67%         3
 Swiftness                Air            0%         N/A       67%         3
 Teleport Other           Tloc           0%         N/A       67%         3
 Metabolic Englaciation   Hex/Ice        0%         N/A       100%        5
 Dispersal                Tloc           0%         N/A       100%        6
 Simulacrum               Ice/Necr       0%         N/A       100%        6


Dungeon Overview and Level Annotations

Branches:
Dungeon (1/15)

Altars:


Innate Abilities, Weirdness & Mutations

You cannot wear most types of armour.
You are amphibious.
You can wear up to eight rings at the same time.
Your skin changes colour to match your surroundings (Stealth+).
Your rubbery body absorbs attacks. (AC +1, EV +1)
((You are camouflaged when in or above water. (Stealth+)))
You have tentacles for arms and can constrict up to eight enemies at once.


Message History

The bat closely misses you.
You miss the bat. Your grab misses the bat. Your squeeze misses the bat.
The bat barely misses you. The bat hits you.
You hit the bat.
You kill the bat!
You pick up a There-And-Back Book and begin reading...
You add the spells Gell's Gravitas, Teleport Other and Dispersal to your library.
You open the door.
There is an open door here.
There is an open door here.
You open the door.
There is an open door here.
A gnoll and a goblin come into view.
The gnoll shouts!
Throw: 9 darts (poison)
Press: ? - help, Q - select action, (/) - cycle Shift-Dir - straight line, f - gnoll
Aim: a gnoll, wielding a +0 spear (63% to hit)
Okay, then.
Throw: 4 stones
Press: ? - help, Shift-Dir - straight line, f - gnoll
Aim: a gnoll, wielding a +0 spear (63% to hit)
You throw a stone. The stone hits the gnoll.
The gnoll is lightly wounded.
You hear a shout!
Throw: 3 stones
Press: ? - help, Shift-Dir - straight line, f/p - gnoll
Aim: a gnoll, wielding a +0 spear (lightly wounded, 63% to hit)
You throw a stone. The stone hits the gnoll.
The gnoll is lightly wounded.
The gnoll hits you with a +0 spear.
You hit the gnoll but do no damage. Your grab misses the gnoll.
The gnoll is lightly wounded.
The gnoll hits you with a +0 spear!
You hit the gnoll. You grab the gnoll. You squeeze the gnoll.
The gnoll is heavily wounded.
You constrict the gnoll, but do no damage.
You hit the gnoll.
The gnoll is severely wounded.
You constrict the gnoll. The gnoll hits you with a +0 spear!
You die...

### #. #.### #. #....
. ##†## ## ##.## #
#...# .#. ##.##
....###### ######
........#.. #..@.#
......#.....
#.##g##.............
.# ##.##g....g..#
#..#. #.
#.###........#.##.^..
.# ##.#
#......###......~ #.
#.## #.....##
#.#.##.. #.###.#
#.....# #.#.##..
#.#.## #######
#....... #...#
###.##..


You could see a gnoll and a goblin.

Vanquished Creatures
  2 ball pythons (D:1)
  5 bats (D:1)
  4 endoplasms (D:1)
  A giant cockroach (D:1)
  3 goblins (D:1)
  3 rats (D:1)
18 creatures vanquished.

Notes
Turn   | Place    | Note
-------+----------+-------------------------------------------
     0 | D:1      | firemarshallily the Octopode Brigand began the quest for
                  | the Orb.
     0 | D:1      | Reached XP level 1. HP: 14/14 MP: 1/1
   125 | D:1      | Reached XP level 2. HP: 19/19 MP: 2/2
   626 | D:1      | Slain by a gnoll

Illustrated notes

Levels and vault maps discovered:
D:1:      onia_arrival_pyramid, layout_loops_cross, grunt_decor_clamped,
          nicolae_concentric_dashed_squares_wild, nrook_loot_triangle,
          chequers_big_river

Action                   || total
-------------------------++-------
Melee: Dagger            ||    29
       Constrict         ||     3
       Tentacles         ||     3
Throw: Stone             ||     2
 Stab: Sleeping          ||    13
Armor: Skin              ||     2
Dodge: Dodged            ||     8
